 Dungeon Crawl Stone Soup version 0.28-a0-8-g6e044cfa68 (webtiles) character file.

Game seed: 864085232107781216

723 Sobieck the Ruffian (level 7, -2/61 HPs)
             Began as a Ghoul Monk on July 24, 2021.
             Was a Priest of Cheibriados.
             Splashed by a jelly's acid (8 damage)
             ... on level 5 of the Dungeon.
             The game lasted 00:09:24 (5306 turns).

Sobieck the Ruffian (Ghoul Monk)                    Turns: 5306, Time: 00:09:25

Health: -2/61      AC: -2    Str: 23    XL:     7   Next: 71%
Magic:  15/15      EV:  9    Int: 11    God:    Cheibriados [***...]
Gold:   166        SH:  0    Dex: 17    Spells: 6/6 levels left

rFire   . . .      SeeInvis .     - Unarmed
rCold   + . .      Faith    .   (no shield)
rNeg    + + +      Spirit   .   k - +0 chain mail rPois โˆž Reflect .
                                (no helmet)
rElec   .          Harm     .   (no cloak)
rCorr   .          Rampage  .   (no gloves)
Will    .....                   (no boots)
Stlth   ..........              (no amulet)
HPRegen 0.00/turn               f - ring of magical power
MPRegen 0.14/turn               (no ring)

@: corroded, inhibited regen, very slow
A: claws 1, cold resistance 1, negative energy resistance 3, inhibited
regeneration, torment resistance 2
a: Renounce Religion, Bend Time, Temporal Distortion


You were on level 5 of the Dungeon.
You worshipped Cheibriados.
Cheibriados was most pleased with you.
You visited 1 branch of the dungeon, and saw 5 of its levels.

You collected 166 gold pieces.


Innate Abilities, Weirdness & Mutations

You thrive by killing the living.
You are immune to poison.
You have sharp fingernails.
Your flesh is cold resistant. (rC+)
You are immune to negative energy. (rN+++)
You do not regenerate when monsters are visible.
You are immune to unholy pain and torment.


   Skills:
 + Level 5.6 Fighting
 + Level 3.3 Armour
 - Level 3.0 Dodging
 - Level 3.0 Stealth
 + Level 2.6 Shields
 + Level 5.7 Unarmed Combat
 + Level 0.2 Invocations


You had 6 spell levels left.
You didn't know any spells.
Your spell library contained the following spells:

 Spells                   Type           Power      Damage    Failure   Level
 Ensorcelled Hibernation  Hex/Ice        0%         N/A       99%         2
 Shadow Creatures         Summ           N/A        N/A       100%        6
 Spider Form              Tmut/Pois      Unusable   N/A       N/A         3

Inventory:

Missiles
 b - 100 stones {throwing}
 c - 17 sling bullets
 i - 4 poisoned darts (quivered) {throwing}
 r - 2 boomerangs {throwing}
 w - 34 arrows
Armour
 a - a +0 robe
 k - a +0 chain mail (worn)
   (You found it on level 2 of the Dungeon)
 s - a +0 buckler
   (You found it on level 4 of the Dungeon)
Jewellery
 f - a ring of magical power (left claw)
   (You found it on level 1 of the Dungeon)
Scrolls
 d - 3 scrolls of teleportation {unknown}
 g - 5 scrolls of magic mapping {unknown}
 h - 3 scrolls of identify {unknown}
 l - a scroll of blinking {unknown}
 m - a scroll of silence {unknown}
 n - a scroll of noise {unknown}
 p - a scroll of immolation {unknown}
 q - a scroll of enchant weapon {unknown}
 x - a scroll of amnesia {unknown}
Potions
 e - a potion of cancellation {unknown}
 j - a potion of flight {unknown}
 o - 2 potions of berserk rage {unknown}
 t - a potion of lignification {unknown}
 u - a potion of attraction {unknown}
 v - a potion of might {unknown}

Dungeon Overview and Level Annotations

Branches:
Dungeon (5/15)
 Temple: D:4-7

Altars:
Cheibriados
Fedhas
Trog
Uskayaw

Shops:
D:1 ? D:2

:
....!...+...............#.....
........#..........##...#.....
........#....########...#.....
........###.##......#...#.....
............)........#...#.....
.....................##'##.....
...............................
[.............J................
....(.......(.@######..........
........รท###+### #..........
#........# #..........
#.......# #..........
#.#....(.# ........... #......#
............ .........# .....##
.##...(.(# #(.....#


You could see a jelly.


Message History

You scratch the yak. You scratch the yak. The yak gores you!
* * * LOW HITPOINT WARNING * * *
๐Ÿ˜ฑ HP[-10]
You take 10 damage, and now have 15/61 hp.
Unknown command.
You barely miss the yak. The yak gores you.
* * * LOW HITPOINT WARNING * * *
๐Ÿ˜ฑ HP[-2]
You take 2 damage, and now have 13/61 hp.
Unknown command.
Your chain mail prevents you from hitting the yak.
The yak gores you.
* * * LOW HITPOINT WARNING * * *
๐Ÿ˜ฑ HP[-4]
You take 4 damage, and now have 9/61 hp.
Unknown command.
Okay, then.
Unknown command.
You claw the yak!
You kill the yak!
Cheibriados appreciates the change of pace.
You feel better. ๐Ÿ˜ฑ HP[+6]
You regained 6 hp, and now have 15/61 hp. ๐Ÿ˜จ HP[+1]
You see here a +0 shortbow {bow}.
There is an open door here. ๐Ÿ˜จ HP[+1]
You close the door.
You start resting.
You hear a distant slurping noise. x8
You hear a squelching noise. ๐Ÿ˜Ž HP[+44]
Your hp is fully restored (61).
Unknown command.
You hear a distant slurping noise.
h - 3 scrolls labelled FAYWEI WIACA (gained 1)
You open the door.
There is an open door here.
A hound comes into view.
Unknown command.
You throw a poisoned dart {throwing}.
The poisoned dart {throwing} closely misses the hound.
The hound barks!
You hear a distant slurping noise.
You hear a slurping noise.
The jelly eats the door!
A jelly comes into view.
The jelly quivers.
You throw a poisoned dart {throwing}.
The poisoned dart {throwing} hits the hound.
The hound is poisoned.
You barely miss the hound. Your claw misses the hound.
The hound barely misses you. The jelly hits you but does no damage.
You claw the hound! The hound bites you. The jelly hits you but does no damage.
You hear a distant slurping noise.
The hound bites you but does no damage. ๐Ÿ˜• HP[-2]
You take 2 damage, and now have 59/61 hp.
You closely miss the hound.
You kill the hound!
Cheibriados appreciates the change of pace.
The jelly barely misses you.
You scratch the jelly.
Your claws burn!
The jelly barely misses you. ๐Ÿ˜• HP[-5]
You take 5 damage, and now have 54/61 hp.
You claw the jelly! The acid corrodes you!
Your claws burn!
The jelly hits you. The acid corrodes you!
You are splashed with acid! ๐Ÿ˜ฎ HP[-14]
You take 14 damage, and now have 40/61 hp.
MASSIVE DAMAGE!! (PAUSE)
You scratch the jelly but do no damage.
Your claws burn!
The jelly hits you but does no damage. ๐Ÿ˜ฎ HP[-4]
You take 4 damage, and now have 36/61 hp.
You scratch the jelly but do no damage.
Your claws burn!
The jelly hits you.
You are splashed with acid!
* * * LOW HITPOINT WARNING * * *
You hear a distant slurping noise. ๐Ÿ˜จ HP[-14]
You take 14 damage, and now have 22/61 hp.
MASSIVE DAMAGE!! (PAUSE)
You scratch the jelly but do no damage.
Your claws burn!
* * * LOW HITPOINT WARNING * * *
You claw the jelly!
The jelly barely misses you. ๐Ÿ˜จ HP[-5]
You take 5 damage, and now have 17/61 hp.
Unknown command.
You scratch the jelly.
Your claws burn!
* * * LOW HITPOINT WARNING * * *
You claw the jelly, but do no damage. ๐Ÿ˜ฑ HP[-3]
You take 3 damage, and now have 14/61 hp.
Unknown command.
You scratch the jelly. The acid corrodes you!
Your claws burn!
* * * LOW HITPOINT WARNING * * *
The jelly hits you.
* * * LOW HITPOINT WARNING * * *
The acid corrodes you!
You are splashed with acid!
You die...

Skill      XL: |  1  2  3  4  5  6  7 |
---------------+----------------------+-----
Dodging        | 3 |  3.0
Stealth        | 3 |  3.0
Armour         | 1 2 3 |  3.3
Unarmed Combat | 4 5 |  5.7
Fighting       | 4 5 |  5.6
Shields        | 1 2 |  2.6
Invocations    | |  0.2

Action                   |  1- 3 |  4- 6 |  7- 9 || total
-------------------------+-------+-------+-------++-------
Melee: Unarmed           |   143 |   103 |    37 ||   283
       Punch             |     1 |     4 |     3 ||     8
Throw: Dart              |       |    30 |     9 ||    39
       Stone             |       |     1 |       ||     1
 Stab: Sleeping          |    10 |       |       ||    10
Armor: Robe              |    19 |       |       ||    19
       Chain mail        |       |    51 |    18 ||    69
Dodge: Dodged            |    63 |    48 |    12 ||   123

Levels and vault maps discovered:
D:1:      scummos_arrival_hexagon, layout_basic, serial_shops,
          nicolae_shop_statue_plus
D:2:      layout_loops_corners, serial_shops, shop
D:3:      layout_loops_cross, grunt_temple_overflow_diamond,
          kennysheep_slug_shrine
D:4:      layout_gridville
D:5:      layout_gridville, grunt_temple_overflow_open, minmay_manual_mess,
          uniq_pikel

Notes
Turn   | Place    | Note
-------+----------+-------------------------------------------
     0 | D:1      | Sobieck the Ghoul Monk began the quest for the Orb.
     0 | D:1      | Reached XP level 1. HP: 19/19 MP: 0/0
     0 | D:1      | magus.rc [v1.9.6]
   283 | D:1      | Reached XP level 2. HP: 23/26 MP: 1/1
   568 | D:1      | Reached skill level 3 in Dodging
   641 | D:1      | Found Vezowuam's Magic Scroll Shop.
   689 | D:1      | Reached XP level 3. HP: 31/31 MP: 2/2
  1120 | D:2      | Found Laiqea's Book Shop.
  1785 | D:2      | You pick up a book of Dreams and begin reading...
  1785 | D:2      | You add the spells Ensorcelled Hibernation and Shadow
                  | Creatures to your library.
  2243 | D:3      | Reached skill level 3 in Stealth
  2255 | D:3      | HP: 6/33 [orc (3)]
  2575 | D:3      | Found a bloodstained altar of Trog.
  2577 | D:3      | Found a blossoming altar of Fedhas.
  2580 | D:3      | Found a hide-covered altar of Uskayaw.
  2718 | D:3      | Reached skill level 1 in Armour
  2718 | D:3      | Reached skill level 4 in Unarmed Combat
  2718 | D:3      | Reached XP level 4. HP: 30/40 MP: 3/3
  2811 | D:3      | Found a snail-covered altar of Cheibriados.
  2814 | D:3      | Became a worshipper of Cheibriados the Contemplative
  2814 | D:3      | Reached * piety under Cheibriados
  2814 | D:3      | Reached ** piety under Cheibriados
  3147 | D:3      | Reached skill level 4 in Fighting
  3354 | D:4      | You pick up a book of Dreams and begin reading...
  3401 | D:4      | Reached XP level 5. HP: 47/47 MP: 4/4
  3571 | D:5      | Entered Level 5 of the Dungeon
  3808 | D:5      | Reached skill level 2 in Armour
  3808 | D:5      | Reached skill level 1 in Shields
  3808 | D:5      | Reached XP level 6. HP: 40/53 MP: 5/5
  4237 | D:4      | Reached skill level 5 in Unarmed Combat
  4643 | D:5      | Reached skill level 5 in Fighting
  4750 | D:5      | Reached skill level 2 in Shields
  4750 | D:5      | Reached XP level 7. HP: 27/61 MP: 6/6
  4757 | D:5      | Reached skill level 3 in Armour
  4764 | D:5      | Reached *** piety under Cheibriados
  5011 | D:5      | Noticed a yak
  5025 | D:5      | HP: 15/61 [yak (10)]
  5028 | D:5      | Killed a yak
  5305 | D:5      | HP: 14/61 [acid (3)]
  5306 | D:5      | HP: 6/61 [jelly (3)]
  5306 | D:5      | Splashed by a jelly's acid

Vanquished Creatures
  A yak (D:5)
  A hornet zombie (D:5)
  A centaur (D:5)
  A scorpion (D:5)
  A water moccasin skeleton (D:4)
  A bullfrog zombie (D:5)
  A centaur zombie (D:5)
  A bullfrog skeleton (D:4)
  A hound (D:5)
  A centaur skeleton (D:4)
  2 iguanas
  An adder (D:3)
  An ufetubus (D:4)
  An adder skeleton (D:4)
  A worm (D:3)
  2 dart slugs
  9 orcs
  3 bats
  4 endoplasms
  3 giant cockroaches
  7 goblins
  2 hobgoblins (D:1)
  5 jackals
  8 kobolds
  2 quokkas
  10 ball pythons
  4 frilled lizards (D:1)
  5 rats
80 creatures vanquished.

Table legend:
 A = Non-vault XP
 B = Vault XP
 C = Vault XP percentage of total XP
 D = Non-vault monster count
 E = Vault monster count
 F = Vault count percentage of total count
                 A         B        C        D         E       F
            +---------+---------+-------+---------+---------+-------
      Total |     700 |     333 |  32.2 |      74 |       6 |   7.5
            +---------+---------+-------+---------+---------+-------
        D:1 |      36 |       0 |   0.0 |      22 |       0 |   0.0
        D:2 |      11 |       0 |   0.0 |       8 |       0 |   0.0
        D:3 |      89 |       4 |   4.3 |      22 |       1 |   4.3
        D:4 |     221 |       0 |   0.0 |      18 |       0 |   0.0
        D:5 |     343 |     329 |  49.0 |       4 |       5 |  55.6
            +---------+---------+-------+---------+---------+-------

Illustrated notes

Table legend:
 A = Kills in this place as a percentage of kills in entire the game.
 B = Kills by you in this place as a percentage of kills by you in the entire game.
 C = Kills by friends in this place as a percentage of kills by friends in the entire game.
 D = Other kills in this place as a percentage of other kills in the entire game.
 E = Experience gained in this place as a percentage of experience gained in the entire game.
 F = Experience gained in this place divided by the number of levels of this place that you have seen.
                   A       B       C       D       E      F
               +-------+-------+-------+-------+-------+----------------------
         Total | 100.0 | 100.0 |   N/A |   N/A | 100.0 | 206.6
       Dungeon | 100.0 | 100.0 |   N/A |   N/A | 100.0 | 206.6
               +-------+-------+-------+-------+-------+----------------------

Table legend: (Time is in decaauts)
 A = Elapsed time spent in this place.
 B = Non-inter-level travel time spent in this place.
 C = Inter-level travel time spent in this place.
 D = Time resting spent in this place.
 E = Time spent auto-exploring this place.
 F = Levels seen in this place.
 G = Mean time per level.
                   A        B        C        D        E       F      G
               +--------+--------+--------+--------+--------+-----+--------+
         Total |   5895 |   5450 |    445 |   1244 |   3466 |   5 | 1179.0 |
       Dungeon |   5895 |   5450 |    445 |   1244 |   3466 |   5 | 1179.0 |
               +--------+--------+--------+--------+--------+-----+--------+

Top non-repeatable levels by time:
     D:4: 1540 daAuts
     D:3: 1300 daAuts
     D:2: 1188 daAuts
     D:1: 1109 daAuts
     D:5: 757 daAuts
